Map: Para-serres EC

Players

Denver - Winner!

  • Race: Zerg Zerg
  • Spawn Location: 11:00

Hjax

  • Race: Protoss Protoss
  • Spawn Location: 5:00

Event: WCS Montreal 2018

VOD

Have the link to the VOD?

Description

Time

  • Played on: Sept. 7, 2018, 12:36 p.m.
  • Length: 8:22

All games in this series

Show
View Real Time Build Order
Export as new Build Order

Denver Zerg - Winner!

Build Orders: Hatch First 

Get SALT Encoding   

  12  0:00  Drone  
  13  0:12  Overlord  
  13  0:17  Drone  
  14  0:31  Drone x2  
  14  0:34  Drone  
  17  0:52  Hatchery  
  17  0:54  Drone  
  17  0:57  Drone  
  18  1:08  Extractor  
  17  1:13  Spawning Pool  
  17  1:16  Drone  
  17  1:19  Drone  
  18  1:29  Drone  
  19  1:38  Overlord  
  19  1:49  Drone  
  20  2:01  Zergling x2, Queen  
  22  2:03  Queen  
  22  2:04  Zergling x2  
  22  2:08  Metabolic Boost  
  26  2:11  Drone  
  26  2:15  Drone  
  28  2:23  Drone  
  28  2:26  Drone  
  30  2:37  Hatchery  
  29  2:38  Drone  
  29  2:40  Drone  
  29  2:43  Drone  
  32  2:47  Overlord  
  32  2:55  Drone  
  32  2:57  Queen  
  35  2:59  Drone  
  35  3:04  Overlord  
  36  3:09  Drone  
  36  3:10  Drone x2  
  39  3:13  Zergling x2  
  39  3:16  Drone  
  41  3:20  Overlord  
  41  3:22  Drone  
  41  3:23  Drone  
  41  3:25  Drone  
  44  3:28  Drone  
  46  3:34  Drone  
  46  3:36  Spore Crawler  
  46  3:40  Drone x3  
  47  3:43  Lair  
  47  3:47  Drone  
  48  3:51  Drone x2  
  50  3:56  Queen  
  50  3:58  Drone  
  50  4:00  Spore Crawler  
  50  4:01  Drone  
  53  4:03  Drone  
  53  4:07  Overlord  
  53  4:08  Drone  
  56  4:10  Drone  
  56  4:12  Spore Crawler  
  56  4:13  Drone x2  
  56  4:16  Overlord  
  57  4:18  Drone  
  57  4:22  Overlord  
  57  4:23  Extractor x2  
  56  4:27  Drone x3  
  59  4:32  Drone x2  
  59  4:36  Extractor, Overlord  
  60  4:41  Drone  
  60  4:42  Drone  
  60  4:43  Hydralisk Den  
  60  4:45  Baneling Nest  
  60  4:48  Zergling x10  
  60  4:52  Overlord  
  65  4:53  Overseer  
  65  4:58  Drone x2  
  65  4:59  Overlord  
  66  5:08  Drone x4  
  66  5:09  Overlord  
  66  5:12  Muscular Augments  
  70  5:16  Hydralisk x2  
  70  5:17  Hydralisk  
  70  5:20  Hydralisk  
  78  5:23  Hydralisk  
  78  5:28  Zergling x8  
  83  5:32  Overlord  
  83  5:35  Overlord  
  83  5:38  Hydralisk x2  
  83  5:41  Zergling x4  
  89  5:44  Zergling x2  
  89  5:45  Baneling x6  
  89  5:48  Queen  
  92  5:51  Zergling x4  
  92  5:52  Zergling x2  
  95  5:58  Overlord x2  
  95  6:00  Hydralisk  
  95  6:03  Baneling x5  
  97  6:07  Zergling x8  
  101  6:15  Hydralisk x2, Zergling x4  
  101  6:16  Zergling x2  
  108  6:20  Hydralisk x2  
  112  6:25  Hydralisk  
  112  6:31  Zergling x12  
  118  6:43  Zergling x12  
  123  6:48  Zergling x4  
  123  6:50  Grooved Spines  
  123  6:56  Hydralisk x3  
  123  6:58  Baneling x2  
  123  6:59  Baneling  
  123  7:01  Hatchery, Baneling  
  128  7:02  Baneling x2  
  127  7:10  Zergling x14  
  131  7:21  Zergling x14  
  129  7:27  Zergling x4  
  121  7:33  Zergling x8  
  115  7:42  Zergling x2  
  115  7:43  Extractor, Spire, Zergling x8, Baneling  
  115  7:44  Baneling x5  
  118  7:47  Extractor, Drone  
  118  7:49  Drone, Evolution Chamber  
  118  7:53  Drone  
  118  7:57  Drone x4  
  123  8:04  Zergling x4  
Show
View Real Time Build Order
Export as new Build Order

Hjax Protoss 

Build Orders: 1 Gate Expand, Oracle Opening, Phoenix Opening, Zealot Archon, Archon Drop 

Get SALT Encoding   

  12  0:00  Probe  
  13  0:13  Probe  
  14  0:18  Pylon  
  14  0:24  Probe  
  15  0:32  Probe  
  15  0:39  Gateway  
  15  0:40  Probe  
  17  0:50  Assimilator  
  17  0:51  Probe  
  18  1:03  Probe  
  19  1:15  Probe  
  20  1:25  Nexus  
  20  1:30  Probe  
  21  1:40  Cybernetics Core  
  21  1:42  Probe  
  22  1:47  Assimilator  
  22  1:53  Pylon  
  22  1:55  Probe  
  23  2:08  Probe  
  23  2:09  Adept  
  24  2:16  Probe  
  27  2:24  Stargate  
  27  2:25  Probe  
  28  2:31  Warp Gate  
  28  2:34  Probe  
  28  2:35  Adept  
  29  2:37  Probe  
  29  2:42  Probe  
  31  2:49  Probe  
  33  2:52  Probe  
  34  3:02  Adept, Probe  
  34  3:05  Phoenix  
  37  3:07  Gateway  
  37  3:10  Probe  
  40  3:14  Probe  
  41  3:22  Probe  
  41  3:26  Pylon, Probe  
  44  3:34  Probe  
  44  3:38  Probe  
  44  3:40  Pylon, Oracle  
  46  3:43  Probe  
  47  3:49  Assimilator  
  47  3:50  Probe  
  47  3:51  Probe  
  47  3:53  Assimilator  
  49  4:02  Probe  
  50  4:07  Pylon  
  50  4:15  Probe  
  50  4:16  Robotics Facility, Probe  
  50  4:17  Oracle  
  55  4:23  Twilight Council  
  55  4:28  Probe x2  
  57  4:33  Pylon  
  57  4:38  Adept x2  
  59  4:40  Probe  
  62  4:46  Probe  
  63  4:53  Charge  
  63  4:59  Warp Prism  
  63  5:01  Gateway  
  63  5:02  Gateway x2  
  63  5:04  Templar Archives  
  63  5:05  Gateway  
  65  5:26  Immortal, Nexus  
  65  5:32  Probe  
  70  5:46  Probe  
  70  5:49  Pylon  
  71  5:52  Pylon  
  71  5:58  High Templar x3  
  71  6:03  Immortal  
  77  6:04  Archon  
  77  6:05  Pylon  
  77  6:07  Pylon  
  77  6:09  High Templar, Pylon, Zealot x2  
  77  6:10  Pylon  
  87  6:21  Archon  
  87  6:23  Probe  
  88  6:29  Probe  
  88  6:31  Psionic Storm, Zealot x5  
  99  6:47  Immortal  
  103  6:55  Zealot x3  
  103  6:59  Shield Battery  
  109  7:03  Zealot x2  
  113  7:19  Zealot x4  
  95  7:30  Zealot  
  75  7:40  Cybernetics Core  
  73  7:44  High Templar x3  
  73  7:45  Robotics Bay  
  73  7:50  Zealot x2  
  83  7:51  Probe  
  83  7:55  Gateway  
  83  7:56  Probe  
  83  7:58  Gateway x2  
  83  8:11  Zealot  
  62  8:13  Zealot  
Tags
 
Add a new tag
Caveats
  • Supply blocks, unpowered buildings, or Contaminate may cause inaccurate times.
  • Supply counts are checked every 10 seconds.